 Dungeon Crawl Stone Soup version 0.28.0 (webtiles) character file.

Game seed: 18155557348022176131

103845 RighteousDevil the Severer (level 16, -9/134 HPs)
             Began as a Hill Orc Fighter on Feb 7, 2022.
             Was the Champion of Beogh.
             Mangled by a large abomination (30 damage)
             ... while paralysed by you
             ... on level 5 of the Abyss.
             The game lasted 01:21:33 (25690 turns).

RighteousDevil the Severer (Hill Orc Fighter)      Turns: 25690, Time: 01:21:35

Health: -9/134     AC: 20    Str: 23    XL:     16   Next: 37%
Magic:  24/24      EV:  2    Int: 10    God:    Beogh [******]
Gold:   627        SH:  0    Dex: 12    Spells: 34/36 levels left

rFire   + + .      SeeInvis .   a - +6 broad axe (vorpal)
rCold   + + .      Faith    .   D - +3 kite shield {AC+3}
rNeg    + . .      Spirit   .   H - +4 Cigotuvi's embrace {rMiasma Drain rN+}
rPois   +          Reflect  .   i - +0 helmet
rElec   +          Harm     .   d - scarf {rC+ rF+}
rCorr   +          Rampage  .   k - +2 pair of gloves
Will    +....      Rage     3%  t - +2 pair of boots
Stlth   +.........              Y - amulet of regeneration
HPRegen 1.12/turn               B - ring of resist corrosion
MPRegen 0.19/turn               S - ring of flight

@: paralysed, agile, about to teleport, resistant, on berserk cooldown, flying,
slowed
A: walk on water, [berserk 2], [low MP 2]
a: Renounce Religion, Smiting, Recall Orcish Followers, Give Item to Named
Follower, Resurrection


You were on level 5 of the Abyss.
You worshipped Beogh.
Beogh was exalted by your worship.
You visited 3 branches of the dungeon, and saw 23 of its levels.
You visited the Abyss 2 times.
You also visited: Sewer.

You collected 2305 gold pieces.
You spent 1678 gold pieces at shops.

Inventory:

Hand Weapons
 a - a +6 vorpal broad axe (weapon)
 b - a +2 demon whip of electrocution
Missiles
 x - 5 curare-tipped darts
 C - 2 throwing nets
 F - 6 javelins
Armour
 d - a scarf of resistance (worn)
 i - a +0 helmet (worn)
 k - a +2 pair of gloves (worn)
 q - a +0 cloak of poison resistance
 t - a +2 pair of boots (worn)
 u - a +2 plate armour of cold resistance
 D - a +3 kite shield of protection (worn)
 H - the +4 Cigotuvi's embrace (worn) {rMiasma Drain rN+}
   (You bought it in a shop on level 2 of the Orcish Mines)

   It gathers nearby corpses to temporarily increase the armour it provides.
   It protects you from foul pestilence.
   rN:        It protects you from negative energy.
   Drain:     It drains your maximum health when unequipped.
 J - a +10 plate armour of ponderousness
Jewellery
 B - a ring of resist corrosion (left hand)
 G - a ring of positive energy
 K - a ring of fire
 M - a ring of protection from cold
 N - a ring of magical power
 S - a ring of flight (right hand)
 T - a ring of fire
 V - a ring of positive energy
 Y - an amulet of regeneration (around neck)
Wands
 l - a wand of iceblast (3) (quivered)
 m - a wand of mindburst (12)
 o - a wand of digging (5)
 s - a wand of charming (12)
 w - a wand of polymorph (22)
 O - a wand of paralysis (11)
 W - a wand of flame (9)
Scrolls
 c - a scroll of blinking
 E - 9 scrolls of teleportation
 I - 2 scrolls of fog
 P - 2 scrolls of magic mapping
 Q - 2 scrolls of holy word
 X - 8 scrolls of identify
 Z - a scroll of fear
Potions
 e - 5 potions of lignification
 f - 3 potions of magic
 g - 4 potions of resistance
 h - 9 potions of flight
 j - 4 potions of berserk rage
 n - 2 potions of invisibility
 p - 3 potions of mutation
 r - 7 potions of curing
 v - 2 potions of heal wounds
 z - a potion of brilliance
 A - 2 potions of haste
 U - 2 potions of ambrosia
Miscellaneous
 y - a box of beasts
 L - a lightning rod (4/4)
 R - a piece from Xom's chessboard (15/15)


   Skills:
 - Level 10.0 Fighting
 - Level 18.0 Axes
 + Level 12.3 Armour
 - Level 11.1 Dodging
 + Level 12.3 Shields
 + Level 10.8 Spellcasting
 + Level 4.6 Necromancy
 - Level 5.0 Translocations
 - Level 10.1 Invocations


You had 34 spell levels left.
You knew the following spells:

 Your Spells              Type           Power      Damage    Failure   Level
a - Blink                 Tloc           30%        N/A       5%          2

Your spell library contained the following spells:

 Spells                   Type           Power      Damage    Failure   Level
 Apportation              Tloc           30%        N/A       3%          1
 Pain                     Necr           56%        1d6       4%          1
 Lesser Beckoning         Tloc           15%        N/A       11%         3
 Corpse Rot               Necr/Air       20%        N/A       16%         2
 Shock                    Conj/Air       20%        1d4       28%         1
 Summon Small Mammal      Summ           20%        N/A       28%         1
 Passage of Golubria      Tloc           15%        N/A       34%         4
 Dispel Undead            Necr           14%        3d10      38%         4
 Call Canine Familiar     Summ           5%         N/A       63%         3
 Ozocubu's Armour         Ice            5%         N/A       63%         3
 Summon Guardian Golem    Hex/Summ       5%         N/A       63%         3
 Swiftness                Air            5%         N/A       63%         3
 Tukima's Dance           Hex            5%         N/A       63%         3
 Iskenderun's Mystic Bla  Conj/Tloc      10%        2d4       69%         4
 Manifold Assault         Tloc           15%        N/A       69%         5
 Agony                    Necr           14%        N/A       75%         5
 Excruciating Wounds      Necr           7%         N/A       75%         5
 Airstrike                Air            2%         N/A       95%         4
 Fulminant Prism          Conj/Hex       2%         3d6       95%         4
 Death Channel            Necr           7%         N/A       99%         6
 Alistair's Intoxication  Tmut/Pois      3%         N/A       100%        5
 Iskenderun's Battlesphe  Conj           5%         2d6       100%        5
 Lee's Rapid Deconstruct  Erth           2%         3d6*      100%        5
 Metabolic Englaciation   Hex/Ice        2%         N/A       100%        5
 Yara's Violent Unravell  Hex/Tmut       2%         3d3       100%        5
 Iron Shot                Conj/Erth      2%         9d2       100%        6
 Simulacrum               Ice/Necr       5%         N/A       100%        6
 Orb of Destruction       Conj           2%         9d5       100%        7
 Spellforged Servitor     Conj/Summ      2%         N/A       100%        7
 Borgnjor's Revivificati  Necr           7%         N/A       100%        8
 Necromutation            Tmut/Necr      5%         N/A       100%        8
 Death's Door             Necr           7%         N/A       100%        9


Dungeon Overview and Level Annotations

Branches:
Dungeon (15/15)            Temple (0/1) D:6            Lair (6/6) D:8
 Shoals (0/4) Lair:4        Snake (0/4) Lair:3        Slime (0/5) Lair:6
    Orc (2/2) D:12            Elf (0/3) Orc:2        Vaults (0/5) D:14
 Depths (0/4) D:15          Sewer (visited)

Altars:
Ashenzari
Hepliaklqana

Shops:
D:1 !   D:4 *   D:9 [   D:10 [   Orc:2 ***?[=

Annotations:
D:4 1 runed translucent door, Crazy Yiuf
Lair:1 3 runed translucent doors, Bauqient's ghost, journeyman MfSu; Ceckukk's ghost, journeyman GrEE; Kalaber's ghost, journeyman TrMo; Kuidesed's ghost, journeyman DrCj
Lair:2 3 runed translucent doors, Hildebrand's ghost, journeyman MiBe; Weugil's ghost, journeyman HaBe; bande's ghost, journeyman GrFi
Lair:3 exclusion: 4 oklob plants
Lair:6 3 runed translucent doors, Gutyqen's ghost, journeyman TeMo


Innate Abilities, Weirdness & Mutations

You can walk on water.
[You often lose your temper in combat.]
[Your magical capacity is very low. (-20% MP)]


Message History

The apocalypse crab breathes chaos at you.
The blast of chaos engulfs the tentacled starspawn.
The tentacled starspawn wobbles for a moment.
You block the hellwing's attack. The hellwing closely misses you.
The spatial maelstrom hits you but does no damage. x2
A spatial vortex comes into view.
Unknown command.
You slash the spatial maelstrom!
The spatial maelstrom is almost destroyed.
You slash the tentacled starspawn! You slash the spatial vortex!
You slash the hellwing!
You hit the large abomination but do no damage.
You are engulfed in seething chaos.
You suddenly lose the ability to move!
The spatial vortex is engulfed in seething chaos.
The tentacled starspawn is engulfed in seething chaos.
The tentacled starspawn suddenly stops moving!
The spatial maelstrom hits you but does no damage. x2
The apocalypse crab is engulfed in seething chaos.
The apocalypse crab suddenly seems more agile.
The hellwing hits you but does no damage. x2
The large abomination is engulfed in seething chaos.
The large abomination seems to slow down.
The large abomination hits you!!
* * * LOW HITPOINT WARNING * * *
The spatial vortex is engulfed in seething chaos.
The tentacled starspawn is engulfed in seething chaos.
Your corpse armour falls away.
You are engulfed in seething chaos.
You feel more agile all of a sudden.
The spatial vortex is engulfed in seething chaos.
The spatial vortex hits you but does no damage.
The apocalypse crab is engulfed in seething chaos.
The hellwing hits you but does no damage.
The hellwing hits you.
* * * LOW HITPOINT WARNING * * *
The tentacled starspawn is engulfed in seething chaos.
A raiju comes into view.
The apocalypse crab is engulfed in seething chaos.
The large abomination is engulfed in seething chaos.
The large abomination hits you!!
You die...

. ..#..##....#
#.. #.
.......... # ..#
.. ..........# .
. ..##.. #v...#
.. . . #..##....
.###
..........##.#.#
.# .
...v......#..#
..##
##.....v§X.# . .
#.<##.#@#.#
..........§Xv4.#
.# .
##..v#§t§.... #
#.. ###.#.....
#. ###.... #
#..h #.. ..


You could see a tentacled starspawn (paralysed), a spatial maelstrom, 4 spatial
vortices, an apocalypse crab (agile), a large abomination (slow), a hellwing and
a raiju (wandering).

Vanquished Creatures
  A balrug (Abyss:4)
  A deep elf elementalist (Abyss:4)
  Snorg (D:14)
  Harold (D:8)
  2 hydras
  3 centaur warriors (D:14)
  2 catoblepae
  A death knight (D:14)
  A dancing weapon (D:14)
  2 death yaks (Lair:6)
  A two-headed ogre (D:11)
  A tengu warrior (D:14)
  An alligator (D:14)
  Sonja (D:12)
  2 sun demons (Abyss:4)
  A wretched star (Abyss:5)
  A glowing orange brain (D:9)
  3 starcursed masses (Abyss:4)
  A lindwurm (D:14)
  Pikel (D:7)
  3 deep elf pyromancers
  2 ugly things
  An orc sorcerer (Orc:2)
  5 manticores
  5 cyclopes
  6 elephants
  3 black mambas
  Maurice (D:9)
  A smoke demon (Abyss:4)
  A gargoyle (D:14)
  16 cane toads
  A demonic crawler (D:14)
  An efreet (D:13)
  A rime drake (Lair:1)
  7 komodo dragons
  A tengu conjurer (D:13)
  A freezing wraith (D:9)
  An ice devil (Abyss:2)
  An ancient zyme (Abyss:4)
  A queen bee (Lair:3)
  A hornet (shapeshifter) (D:14)
  2 tyrant leeches (D:14)
  2 polar bears
  A meliai (shapeshifter) (D:14)
  3 trolls
  4 blink frogs
  5 slime creatures (D:14)
  3 dream sheep
  4 raiju
  A ynoxinul (Abyss:4)
  2 wyverns
  21 yaks
  2 vampires
  2 wraiths
  2 small abominations (Abyss:4)
  3 basilisks
  A chaos spawn (Abyss:4)
  2 harpy simulacra (Abyss:4)
  2 nagas (Lair:3)
  11 water moccasins
  2 acid dragons
  Duvessa (D:4)
  9 orc warriors
  2 black bears
  An ice beast (D:5)
  5 necrophages
  A boggart (D:14)
  3 ogres
  6 wolves (Lair:6)
  5 centaurs
  4 lemures (D:7)
  2 kobold brigands
  11 bullfrogs
  7 scorpions
  2 gnoll sergeants
  A wyvern zombie (D:5)
  Dowan (D:4)
  19 killer bees
  A wight (D:8)
  8 orc priests
  3 centaur zombies
  2 gnoll shamans (D:6)
  5 hounds
  A centaur skeleton (D:7)
  14 jellies
  3 hell rats (Lair:4)
  4 iguanas
  7 orc wizards
  A mummy (D:8)
  A howler monkey zombie (D:8)
  10 gnolls
  A howler monkey skeleton (D:5)
  9 adders
  6 river rats
  4 white imps
  3 adder skeletons
  9 worms
  A dart slug (D:2)
  30 orcs
  16 bats
  8 endoplasms
  8 giant cockroaches
  7 goblins
  7 hobgoblins
  7 jackals
  6 quokkas
  15 ball pythons
  12 frilled lizards
  12 kobolds
  4 rats
  A plant (D:14)
  A starspawn tentacle (Abyss:5)
470 creatures vanquished.

Vanquished Creatures (collateral kills)
  Jorgrun (D:14)
  Frances (D:14)
  Josephine (D:11)
  An ettin (D:15)
  2 boulder beetles
  7 hydras
  Erica (D:9)
  2 catoblepae (Lair:6)
  A dancing weapon (D:14)
  2 two-headed ogres
  An alligator (D:14)
  2 centaur warriors (Orc:2)
  10 death yaks (Lair:6)
  2 tengu warriors
  A hell knight (D:15)
  A deep troll (D:15)
  A lindwurm (D:14)
  2 deep elf pyromancers
  2 orc sorcerers
  3 cyclopes
  2 ugly things (D:13)
  3 manticores
  3 black mambas
  4 elephants
  Joseph (Lair:1)
  A gargoyle (D:10)
  2 torpor snails (Lair:4)
  11 cane toads
  5 komodo dragons
  4 rime drakes
  A freezing wraith (D:9)
  A demonic crawler (D:14)
  2 polar bears
  5 trolls
  A tyrant leech (D:14)
  12 blink frogs
  9 dream sheep
  4 slime creatures (D:14)
  3 wyverns
  5 wraiths
  7 basilisks
  32 yaks
  4 vampire mosquitoes
  2 wargs
  An acid dragon (D:11)
  11 water moccasins
  15 orc warriors
  2 black bears
  2 necrophages (D:8)
  5 ogres
  15 wolves
  7 centaurs (Orc:2)
  2 scorpions
  4 bullfrogs
  A wight (D:8)
  19 killer bees
  2 centaur zombies
  5 jellies (Lair:6)
  4 orc priests
  2 iguanas (D:14)
  9 orc wizards
  A hell rat (Lair:4)
  2 river rats (Lair:3)
  A worm (D:14)
  6 orcs
  2 endoplasms (D:14)
  4 giant cockroaches (D:14)
  A kobold (D:8)
  4 bushes
  A plant (D:14)
296 creatures vanquished.

Vanquished Creatures (others)
  An orc sorcerer (Lair:3)
  3 orc knights
  14 orc warriors
  6 orc priests
  12 orc wizards
  An adder (D:3)
  47 orcs
  A goblin (D:3)
  98 fungi
  146 plants
  22 starspawn tentacles
  9 withered plants
360 creatures vanquished.

Grand Total: 1126 creatures vanquished

Notes
Turn   | Place    | Note
-------+----------+-------------------------------------------
     0 | D:1      | RighteousDevil the Hill Orc Fighter began the quest for the
                  | Orb.
     0 | D:1      | Reached XP level 1. HP: 19/19 MP: 1/1
   301 | D:1      | Reached skill level 3 in Axes
   428 | D:1      | Reached XP level 2. HP: 23/26 MP: 2/2
   506 | D:1      | Reached skill level 4 in Axes
   506 | D:1      | Found Cialaz's Distillery.
   783 | D:1      | Reached XP level 3. HP: 30/31 MP: 3/3
  1191 | D:2      | Reached skill level 5 in Axes
  1495 | D:2      | Reached XP level 4. HP: 39/39 MP: 4/4
  1695 | D:2      | Reached skill level 6 in Axes
  1847 | D:2      | Found a faded altar of an unknown god.
  2135 | D:3      | Became a worshipper of Beogh the Brigand
  2145 | D:3      | Reached XP level 5. HP: 21/45 MP: 5/5
  2394 | D:3      | Identified the +1 leather armour "Haggozo" {*Corrode Will+
                  | Regen+ Dex+3}
  2610 | D:3      | Reached skill level 7 in Axes
  2658 | D:3      | Found a glowing drain.
  2667 | Sewer    | Entered a sewer
  3128 | Sewer    | Reached * piety under Beogh
  3374 | Sewer    | Reached skill level 8 in Axes
  3374 | Sewer    | Reached XP level 6. HP: 38/51 MP: 6/6
  3504 | Sewer    | Identified a scroll of acquirement
  3504 | Sewer    | Acquired a manual of Dodging
  4109 | D:4      | Noticed Duvessa
  4109 | D:4      | Noticed Dowan
  4114 | D:4      | Killed Duvessa
  4115 | D:4      | Reached skill level 9 in Axes
  4118 | D:4      | Killed Dowan
  4119 | D:4      | Reached XP level 7. HP: 44/57 MP: 7/7
  4224 | D:4      | Reached skill level 10 in Axes
  4345 | D:4      | Found a runed translucent door.
  4346 | D:4      | Noticed Crazy Yiuf
  4443 | D:4      | Found Uxecier's General Store.
  4776 | D:5      | Entered Level 5 of the Dungeon
  4839 | D:5      | Reached skill level 11 in Axes
  4887 | D:5      | Reached skill level 1 in Dodging
  4893 | D:5      | Reached skill level 1 in Spellcasting
  4894 | D:5      | Reached ** piety under Beogh
  4994 | D:5      | Reached XP level 8. HP: 60/66 MP: 8/10
  5644 | D:5      | Reached skill level 5 in Fighting
  5760 | D:5      | Acquired a +1 vorpal broad axe
  6316 | D:6      | Reached XP level 9. HP: 75/75 MP: 14/14
  6317 | D:6      | Reached skill level 12 in Axes
  6387 | D:6      | Found a staircase to the Ecumenical Temple.
  6613 | D:7      | Reached *** piety under Beogh
  6729 | D:7      | Reached skill level 5 in Dodging
  7351 | D:7      | Found a broken altar of Ashenzari.
  7362 | D:7      | Learned a level 2 spell: Blink
  7393 | D:7      | Noticed Pikel
  7402 | D:7      | Killed Pikel
  7403 | D:7      | Reached skill level 5 in Spellcasting
  7450 | D:8      | Noticed a komodo dragon
  7454 | D:8      | Found a staircase to the Lair.
  7461 | D:8      | Killed a komodo dragon
  7469 | D:8      | Reached skill level 13 in Axes
  7469 | D:8      | Reached XP level 10. HP: 65/86 MP: 18/18
  7830 | D:8      | Noticed Harold
  7837 | D:8      | Killed Harold
  7837 | D:8      | Reached **** piety under Beogh
  8351 | D:9      | Noticed a two-headed ogre
  8358 | D:9      | Killed a two-headed ogre
  8359 | D:9      | Noticed Maurice
  8363 | D:9      | Noticed Erica
  8364 | D:9      | Killed Maurice
  8369 | D:9      | Killed Erica
  8545 | D:9      | Reached skill level 14 in Axes
  8556 | D:9      | Reached XP level 11. HP: 89/97 MP: 22/22
  8677 | D:9      | Found Mom Hupt's Armour Boutique.
  8682 | D:9      | Bought a +1 kite shield of protection for 231 gold pieces
  8903 | D:9      | Reached skill level 1 in Invocations
  9179 | D:9      | Noticed a deep elf pyromancer
  9191 | D:9      | Killed a deep elf pyromancer
  9191 | D:9      | Gained Agrik as an ally
  9327 | D:9      | Noticed a glowing orange brain
  9332 | D:9      | Killed a glowing orange brain
  9337 | D:9      | Identified the +0 pair of boots "Mojumu Bodi" {Stlth+}
  9338 | D:9      | Identified the +5 spear "Guup" {chaos, rElec rC- Str+2
                  | SInv}
  9651 | Lair:1   | Entered Level 1 of the Lair of Beasts
  9997 | Lair:1   | Reached skill level 10 in Fighting
 10074 | Lair:1   | Noticed Joseph
 10085 | Lair:1   | Killed Joseph
 10403 | Lair:1   | Reached skill level 5 in Armour
 10416 | Lair:1   | Reached skill level 5 in Shields
 10638 | Lair:1   | Found a runed translucent gate.
 10689 | Lair:1   | Found a runed translucent gate.
 10697 | Lair:1   | Reached skill level 5 in Invocations
 10698 | Lair:1   | Reached skill level 15 in Axes
 10887 | Lair:1   | Reached ***** piety under Beogh
 10952 | Lair:1   | Noticed a five-headed hydra
 10959 | Lair:1   | Killed a five-headed hydra
 10960 | Lair:1   | Reached XP level 12. HP: 57/106 MP: 23/23
 11325 | Lair:1   | Found a runed translucent gate.
 11327 | Lair:1   | Noticed Ceckukk's ghost (journeyman GrEE)
 11328 | Lair:1   | Noticed Kalaber's ghost (journeyman TrMo)
 11328 | Lair:1   | Noticed Bauqient's ghost (journeyman MfSu)
 11328 | Lair:1   | Noticed Kuidesed's ghost (journeyman DrCj)
 11561 | Lair:2   | Noticed a four-headed hydra
 11572 | Lair:2   | Killed a four-headed hydra
 12170 | Lair:2   | Found a runed translucent gate.
 12171 | Lair:2   | Found a runed translucent gate.
 12171 | Lair:2   | Found a runed translucent gate.
 12171 | Lair:2   | Noticed bande's ghost (journeyman GrFi)
 12171 | Lair:2   | Noticed Weugil's ghost (journeyman HaBe)
 12171 | Lair:2   | Noticed Hildebrand's ghost (journeyman MiBe)
 12812 | D:10     | Entered Level 10 of the Dungeon
 12895 | D:10     | Identified the +8 short sword of the Two Names {protect,
                  | rC- Dex+7}
 12983 | D:10     | Reached skill level 16 in Axes
 13564 | D:10     | Found Feiturah's Armour Boutique.
 13628 | D:11     | Noticed a six-headed hydra
 13637 | D:11     | Killed a six-headed hydra
 13814 | D:11     | Noticed a two-headed ogre
 13819 | D:11     | Killed a two-headed ogre
 14045 | D:11     | Noticed Josephine
 14052 | D:11     | Reached XP level 13. HP: 102/111 MP: 24/24
 14055 | D:11     | Killed Josephine
 14978 | D:12     | Noticed Sonja
 14980 | D:12     | Cast into level 1 of the Abyss (Sonja)
 14992 | D:12     | Escaped the Abyss
 15002 | D:12     | Killed Sonja
 15265 | D:12     | Identified the +1 falchion "Gyzxet" {freeze, *Slow rN+
                  | Str-5 Int+8}
 15271 | D:12     | Found a staircase to the Orcish Mines.
 15297 | Orc:1    | Entered Level 1 of the Orcish Mines
 15428 | Orc:1    | Gained Blodwig as an ally
 15452 | Orc:1    | Gained Hilgar as an ally
 16081 | Orc:2    | Entered Level 2 of the Orcish Mines
 16121 | Orc:2    | Found Ethrousint's Jewellery Shop.
 16129 | Orc:2    | Your ally Hilgar died
 16165 | Orc:2    | Gained Arkwar as an ally
 16167 | Orc:2    | Reached skill level 17 in Axes
 16167 | Orc:2    | Reached skill level 10 in Invocations
 16168 | Orc:2    | Found Ipnujy Esei's Magic Scroll Boutique.
 16168 | Orc:2    | Found Futohed's General Store.
 16170 | Orc:2    | Found Vapea's General Store.
 16172 | Orc:2    | Found Iwomysach's Antique Armour Shop.
 16188 | Orc:2    | Bought the +4 Cigotuvi's embrace {rMiasma Drain rN+} for
                  | 717 gold pieces
 16188 | Orc:2    | Found the +4 Cigotuvi's embrace {rMiasma Drain rN+}
 16274 | Orc:2    | Found a staircase to the Elven Halls.
 16324 | Orc:2    | Found Velunam's General Store.
 18137 | D:13     | Reached skill level 18 in Axes
 19139 | Lair:3   | Found a staircase to the Snake Pit.
 19309 | Lair:3   | Reached XP level 14. HP: 115/121 MP: 26/26
 19340 | Lair:3   | Gained Bladwarg as an ally
 19410 | Lair:3   | Gained Geork as an ally
 19424 | Lair:3   | Gained Norbak as an ally
 19425 | Lair:3   | Gained Ugbert as an ally
 19430 | Lair:3   | Reached ****** piety under Beogh
 19434 | Lair:3   | Your ally Geork died
 19447 | Lair:3   | Reached skill level 10 in Armour
 19452 | Lair:3   | Gained Ogrik as an ally
 19453 | Lair:3   | Reached skill level 10 in Shields
 19462 | Lair:3   | Reached skill level 10 in Dodging
 20167 | Orc:2    | Bought a scroll of identify for 30 gold pieces
 20190 | Orc:2    | Bought a potion of experience for 700 gold pieces
 20190 | Orc:2    | Reached skill level 5 in Translocations
 20190 | Orc:2    | Reached XP level 15. HP: 126/126 MP: 27/27
 20481 | Lair:4   | Your ally Bladwarg died
 20890 | Lair:4   | Found a staircase to the Shoals.
 21319 | Lair:5   | Identified the +2 pair of boots of the Bouncing Villages
                  | {-Tele +Inv Str+2}
 21513 | Lair:5   | Identified the ring of Wannagaf {Fire Drain Dex+3}
 21962 | Lair:6   | Entered Level 6 of the Lair of Beasts
 22019 | Lair:6   | Found a staircase to the Slime Pits.
 22245 | Lair:6   | Reached skill level 10 in Spellcasting
 22304 | Lair:6   | Found a runed translucent gate.
 22304 | Lair:6   | Noticed Gutyqen's ghost (journeyman TeMo)
 22305 | Lair:6   | Found a runed translucent gate.
 22305 | Lair:6   | Found a runed translucent gate.
 22730 | Lair:6   | Reached skill level 1 in Necromancy
 23611 | D:14     | Found a hazy altar of Hepliaklqana.
 23616 | D:14     | Noticed Jorgrun
 23616 | D:14     | Noticed Snorg
 23622 | D:14     | Killed Snorg
 23624 | D:14     | Killed Jorgrun
 23716 | D:14     | Reached XP level 16. HP: 131/134 MP: 30/30
 23728 | D:14     | Found a gate to the Vaults.
 24287 | D:14     | Gained Oreg as an ally
 24402 | D:14     | Killed Frances
 24402 | D:14     | Gained Ogrik as an ally
 25228 | D:15     | Entered Level 15 of the Dungeon
 25281 | D:15     | Cast into level 2 of the Abyss (a wizard)
 25397 | Abyss:3  | Noticed a tentacled starspawn
 25500 | Abyss:4  | Noticed a tentacled starspawn
 25521 | Abyss:4  | Noticed a tentacled starspawn
 25640 | Abyss:5  | Entered Level 5 of the Abyss
 25645 | Abyss:5  | Noticed a tentacled starspawn
 25675 | Abyss:5  | Noticed a tentacled starspawn
 25689 | Abyss:5  | Paralysed by you for 6 turns
 25690 | Abyss:5  | Mangled by a large abomination

Illustrated notes

Levels and vault maps discovered:
D:1:      sevenhm_arrival_forest_fort_large_4, layout_rooms, serial_shops,
          nicolae_shop_advertising_works [nicolae_subvault_shop_adworks]
D:2:      layout_basic, shapermc_ecumenical_altar_mp_highgroup
D:3:      layout_rooms, cheibrodos_sewer_entry_bend
D:4:      layout_cave_pools, serial_shops, kennysheep_little_box, uniq_duvessa,
          uniq_crazy_yiuf_cottage
D:5:      layout_gridville
D:6:      layout_cave_pools, minmay_temple_entry_grid, serial_gnoll_camp,
          gnoll_camp_mini_hut, gnoll_camp_mini_house, gnoll_camp_mini_hut,
          gnoll_camp_mini_hut
D:7:      layout_loops_cross, mainiacjoe_overflow_alcove_2, uniq_pikel
D:8:      layout_cave_pools, due_lair_maze_entry_diamond, serial_undead,
          serial_undead_f, serial_undead_e, serial_undead_e, serial_undead_d,
          uniq_harold
D:9:      minmay_shrinking_squares, layout_irregular_city, serial_shops,
          nicolae_shop_hallway_plus, kennysheep_windowed_goal, uniq_erica,
          uniq_maurice
D:10:     minmay_flawed_box, layout_rooms, kennysheep_small_square
D:11:     layout_rooms, uniq_josephine
D:12:     layout_loops_corners, david_orc_3, evilmike_butchery, uniq_sonja
D:13:     layout_loops_corners, grunt_ministairs_1
D:14:     wad_woods_structure_01, layout_basic, erik_vaults_1,
          nicolae_hepliaklqana_hazy_memory, hangedman_parallel_progression,
          uniq_frances, uniq_jorgrun, uniq_snorg
D:15:     hangedman_depths_entry_civil_slaughter, layout_cross, serial_shops,
          shop, gauntlet_entry_generic
Lair:1:   layout_cave_pods, gammafunk_ghost_cemetery, uniq_joseph
Lair:2:   layout_loops_ring, gammafunk_ghost_cemetery, beast_lair_carwin_8,
          grunt_megastairs_3
Lair:3:   hangedman_what_comes_after_a, layout_chaotic_city,
          guppyfry_snake_entry_garden, lemuel_fruit_fields
Lair:4:   layout_regular_city, shoals_dummy_entry
Lair:5:   layout_hall_layers
Lair:6:   evilmike_catoblepas_cave, layout_cave_pods,
          minmay_slime_entry_jelly_boxes, gammafunk_ghost_split
Orc:1:    layout_diamond_mine
Orc:2:    st_orc_rangers, layout_diamond_mine, serial_shops,
          nicolae_shop_waterfront, special_room, minmay_shop_enchanted_jewellery
Abyss:5:  base: D:1, nicolae_abyss_rune_left_handed

Skill      XL: |  1  2  3  4  5  6  7  8  9 10 11 12 13 14 15 16 |
---------------+-------------------------------------------------+-----
Axes           | 3 4 5 6 8 9 11 13 14 15 16 18 | 18.0
Dodging        | 1 4 6 8 9 10 11 | 11.1
Spellcasting   | 1 3 5 7 8 10 | 10.8
Fighting       | 4 5 7 9 10 | 10.0
Invocations    | 5 8 10 | 10.1
Armour         | 5 8 9 10 11 12 | 12.3
Shields        | 5 8 9 10 11 12 | 12.3
Translocations | 5 |  5.0
Necromancy     | 2 4 |  4.6

Action                   |  1- 3 |  4- 6 |  7- 9 | 10-12 | 13-15 | 16-18 || total
-------------------------+-------+-------+-------+-------+-------+-------++-------
Melee: War axe           |   123 |   223 |    90 |       |       |       ||   436
       Broad axe         |       |       |   154 |   352 |   454 |   296 ||  1256
       Morningstar       |       |       |       |    12 |     2 |     9 ||    23
 Cast: Blink             |       |       |       |       |     1 |       ||     1
Invok: Convert to Beogh  |       |     1 |       |       |       |       ||     1
       Recall Orcish Fol |       |       |       |     4 |    11 |     1 ||    16
       Smiting           |       |       |       |       |     8 |     2 ||    10
Evoke: Wand              |       |       |     3 |     2 |     2 |     3 ||    10
  Use: Scroll            |       |    10 |     8 |     4 |    14 |     2 ||    38
       Potion            |       |     1 |       |     1 |     2 |     7 ||    11
 Stab: Distracted        |       |       |     3 |     3 |     7 |       ||    13
       Confused          |       |       |       |     1 |       |       ||     1
       Paralysed         |       |       |       |       |     3 |       ||     3
Armor: Scale mail        |    78 |   150 |    15 |       |       |       ||   243
       Chain mail        |       |       |    40 |       |       |       ||    40
       Plate armour      |       |       |    83 |   242 |    39 |       ||   364
       Leather armour    |       |       |       |       |   122 |   131 ||   253
Dodge: Dodged            |    73 |   147 |    71 |   125 |   217 |   140 ||   773
Block: Buckler           |    37 |    62 |    71 |    23 |       |       ||   193
       Kite shield       |       |       |       |   170 |   290 |   207 ||   667
